3AAA
SANTA BARBARA GOLDEN CRANES @ PENNSAUKEN FLYERS
08/08/2029
 
TOP OF THE 1ST
Santa Barbara Golden Cranes batting - Pitching for Pennsauken Flyers : RHP Vincent O'Higgin
Pitching: RHP Vincent O'Higgin
Batting: RHB James Pike 0-0: Ball
1-0: Called Strike
1-1: Swinging Strike
1-2: Ball
2-2: Ball
3-2: Strikes out looking
Batting: LHB Manny Rosário 0-0: Ball
1-0: Called Strike
1-1: Ball
2-1: Foul Ball, location: 2F
2-2: Foul Ball, location: 2F
2-2: Ball
3-2: Base on Balls
Batting: RHB Arsenio Laurel 0-0: Ball
1-0: Called Strike
1-1: Foul Ball, location: 2F
1-2: Fielders Choice at 2nd, 5-4 (Groundball, 56)
Batting: LHB Sixto Álvarez 0-0: Ball
1-0: Called Strike
1-1: SINGLE (Groundball, 34D)
Arsenio Laurel to second
Runner from 2nd tries for 3rd, SAFE, no throw
Batting: RHB Rubén Campos 0-0: Called Strike
0-1: Fly out, F7 (Flyball, 7LS)
Top of the 1st over - 0 runs, 1 hit, 0 errors, 2 left on base; Santa Barbara 0 - Pennsauken 0
BOTTOM OF THE 1ST
Pennsauken Flyers batting - Pitching for Santa Barbara Golden Cranes : RHP José Guillén
Pitching: RHP José Guillén
Batting: SHB Nuygen Vuong 0-0: Fly out, F9 (Flyball, 89S)
Batting: RHB Enoch Reinhardt 0-0: Called Strike
0-1: Ground out 4-3 (Groundball, 4S)
Batting: LHB Vinski Prifti 0-0: Called Strike
0-1: Ball
1-1: SINGLE (Flyball, 8LS)
Batting: LHB Javier Antonio 0-0: Ball
Vinski Prifti is caught stealing 2nd base
Bottom of the 1st over - 0 runs, 1 hit, 0 errors, 0 left on base; Santa Barbara 0 - Pennsauken 0
TOP OF THE 2ND
Santa Barbara Golden Cranes batting - Pitching for Pennsauken Flyers : RHP Vincent O'Higgin
Batting: RHB Gilbert Graham 0-0: Ball
1-0: Ground out 5-3 (Groundball, 56)
Batting: RHB Logan Manning 0-0: Called Strike
0-1: Foul Ball, location: 2F
0-2: Hit by Pitch
Batting: RHB Christian Turner 0-0: Swinging Strike
0-1: Ball
1-1: Foul Ball, location: 2F
1-2: DOUBLE (Groundball, 5L)
Logan Manning to third
Batting: RHB Salvador Noriega 0-0: SINGLE (Line Drive, 3D)
Logan Manning scores
Christian Turner to third
Runner from 3rd tries for Home, SAFE, no throw
Batting: RHB James Pike 0-0: Ball
1-0: Called Strike
1-1: Ball
2-1: Swinging Strike
2-2: Strikes out looking
Salvador Noriega steals 2nd base
Batter strikes out.
Batting: LHB Manny Rosário 0-0: Ball
1-0: Swinging Strike
1-1: Called Strike
1-2: Ball
2-2: Foul Ball, location: 2F
2-2: Strikes out swinging
Top of the 2nd over - 2 runs, 2 hits, 0 errors, 1 left on base; Santa Barbara 2 - Pennsauken 0
BOTTOM OF THE 2ND
Pennsauken Flyers batting - Pitching for Santa Barbara Golden Cranes : RHP José Guillén
Batting: LHB Javier Antonio 0-0: Ball
1-0: Fly out, F8 (Flyball, 8LD)
Batting: RHB Stephen Johnson 0-0: Called Strike
0-1: Swinging Strike
0-2: Ball
1-2: Ball
2-2: Ball
3-2: Base on Balls
Batting: RHB Artie Miller 0-0: Called Strike
0-1: Ball
1-1: Foul Ball, location: 2F
1-2: Ball
2-2: Ball
3-2: Foul Ball, location: 2F
3-2: Foul Ball, location: 2F
3-2: Base on Balls
Stephen Johnson to second
Batting: SHB Pedro Ortega 0-0: Ball
1-0: Called Strike
1-1: Ball
2-1: Foul Ball, location: 2F
2-2: Fly out, F4 (Line Drive, 4)
Batting: LHB Raúl Godines 0-0: Called Strike
0-1: Fly out, F8 (Flyball, 8RD)
Bottom of the 2nd over - 0 runs, 0 hits, 0 errors, 2 left on base; Santa Barbara 2 - Pennsauken 0
TOP OF THE 3RD
Santa Barbara Golden Cranes batting - Pitching for Pennsauken Flyers : RHP Vincent O'Higgin
Batting: RHB Arsenio Laurel 0-0: Swinging Strike
0-1: Ball
1-1: Ball
2-1: Ball
3-1: SINGLE (Flyball, 8RS)
Batting: LHB Sixto Álvarez 0-0: Foul Ball, location: 2F
0-1: Ball
1-1: Called Strike
Arsenio Laurel steals 2nd base
1-2: Strikes out swinging
Batting: RHB Rubén Campos 0-0: Ball
1-0: Swinging Strike
1-1: Fly out, F9 (Flyball, 9)
Batting: RHB Gilbert Graham 0-0: Fly out, F7 (Flyball, 7)
Top of the 3rd over - 0 runs, 1 hit, 0 errors, 1 left on base; Santa Barbara 2 - Pennsauken 0
BOTTOM OF THE 3RD
Pennsauken Flyers batting - Pitching for Santa Barbara Golden Cranes : RHP José Guillén
Batting: RHB Marc Beck 0-0: Ball
1-0: Ball
2-0: Called Strike
2-1: Ball
3-1: Called Strike
3-2: Strikes out swinging
Batting: SHB Nuygen Vuong 0-0: Called Strike
0-1: Foul Ball, location: 2F
0-2: Ground out 6-3 (Groundball, 6)
Batting: RHB Enoch Reinhardt 0-0: Called Strike
0-1: Swinging Strike
0-2: Ball
1-2: Ball
2-2: Ball
3-2: Base on Balls
Batting: LHB Vinski Prifti 0-0: Called Strike
0-1: Ball
1-1: Ball
Enoch Reinhardt is caught stealing 2nd base
Bottom of the 3rd over - 0 runs, 0 hits, 0 errors, 0 left on base; Santa Barbara 2 - Pennsauken 0
TOP OF THE 4TH
Santa Barbara Golden Cranes batting - Pitching for Pennsauken Flyers : RHP Vincent O'Higgin
Batting: RHB Logan Manning 0-0: Ball
1-0: Swinging Strike
1-1: Ground out 5-3 (Groundball, 5)
Batting: RHB Christian Turner 0-0: Ground out 1-3 (Groundball, 15)
Batting: RHB Salvador Noriega 0-0: Called Strike
0-1: Ball
1-1: Swinging Strike
1-2: Ball
2-2: Reached on error, E3 (Groundball, 34S)
Batting: RHB James Pike 0-0: Called Strike
0-1: Foul Ball, location: 2F
0-2: Ball
1-2: SINGLE (Line Drive, 6)
Salvador Noriega to second
Runner from 2nd tries for 3rd, SAFE, no throw
Batting: LHB Manny Rosário 0-0: Ball
Balk!
Salvador Noriega scores
James Pike to second
1-0: Ball
2-0: Foul Ball, location: 2F
2-1: Ball
3-1: Base on Balls
Batting: RHB Arsenio Laurel 0-0: Ball
1-0: SINGLE (Groundball, 56D)
James Pike to third
Manny Rosário to second
Runner from 3rd tries for Home, SAFE, throw made home
Batting: LHB Sixto Álvarez 0-0: Called Strike
0-1: Ball
1-1: Foul Ball, location: 2F
1-2: Reached on error, E4 (Groundball, 4)
Manny Rosário scores
Arsenio Laurel to third
Batting: RHB Rubén Campos 0-0: Ball
1-0: Ball
2-0: Called Strike
2-1: Called Strike
2-2: Strikes out looking
Top of the 4th over - 3 runs, 2 hits, 2 errors, 2 left on base; Santa Barbara 5 - Pennsauken 0
BOTTOM OF THE 4TH
Pennsauken Flyers batting - Pitching for Santa Barbara Golden Cranes : RHP José Guillén
Batting: LHB Vinski Prifti 0-0: Called Strike
0-1: Ground out 6-3 (Groundball, 6M)
Batting: LHB Javier Antonio 0-0: Ball
1-0: SINGLE (Line Drive, 8RS)
Batting: RHB Stephen Johnson 0-0: Ball
1-0: Ball
2-0: Grounds into double play, 6-4-3 (Groundball, 6)
Bottom of the 4th over - 0 runs, 1 hit, 0 errors, 0 left on base; Santa Barbara 5 - Pennsauken 0
TOP OF THE 5TH
Santa Barbara Golden Cranes batting - Pitching for Pennsauken Flyers : RHP Vincent O'Higgin
Batting: RHB Gilbert Graham 0-0: Ball
1-0: Ball
2-0: Ball
3-0: Called Strike
3-1: SINGLE (Line Drive, 5D)
Batting: RHB Logan Manning 0-0: SINGLE (Line Drive, 8RS)
Gilbert Graham to second
Batting: RHB Christian Turner 0-0: Fly out, F7 (Line Drive, 7)
Batting: RHB Salvador Noriega 0-0: Called Strike
0-1: Swinging Strike
0-2: Ball
1-2: Strikes out swinging
Batting: RHB James Pike 0-0: Fly out, F6 (Line Drive, 6)
Top of the 5th over - 0 runs, 2 hits, 0 errors, 2 left on base; Santa Barbara 5 - Pennsauken 0
BOTTOM OF THE 5TH
Pennsauken Flyers batting - Pitching for Santa Barbara Golden Cranes : RHP José Guillén
Batting: RHB Artie Miller 0-0: Fly out, F7 (Line Drive, 78M)
Batting: SHB Pedro Ortega 0-0: DOUBLE (Line Drive, 89D)
Batting: LHB Raúl Godines 0-0: Ball
1-0: Ball
2-0: SINGLE (Line Drive, 7S)
Pedro Ortega to third
Runner from 3rd tries for Home, SAFE, no throw
Batting: RHB Marc Beck 0-0: Ball
1-0: Ground out 4-3 (Groundball, 4S)
Raúl Godines to second
Batting: SHB Nuygen Vuong 0-0: Ball
1-0: Ball
2-0: Called Strike
2-1: SINGLE (Groundball, 34S) (infield hit)
Raúl Godines to third
Batting: RHB Enoch Reinhardt 0-0: Ball
1-0: Ball
2-0: Fly out, F8 (Flyball, 8RD)
Bottom of the 5th over - 1 run, 3 hits, 0 errors, 2 left on base; Santa Barbara 5 - Pennsauken 1
TOP OF THE 6TH
Santa Barbara Golden Cranes batting - Pitching for Pennsauken Flyers : RHP Vincent O'Higgin
Batting: LHB Manny Rosário 0-0: Ball
1-0: Fly out, F8 (Flyball, 89D)
Batting: RHB Arsenio Laurel 0-0: Ball
1-0: Ball
2-0: Fly out, F7 (Flyball, 78M)
Batting: LHB Sixto Álvarez 0-0: Ground out 6-3 (Groundball, 6)
Top of the 6th over - 0 runs, 0 hits, 0 errors, 0 left on base; Santa Barbara 5 - Pennsauken 1
BOTTOM OF THE 6TH
Pennsauken Flyers batting - Pitching for Santa Barbara Golden Cranes : RHP José Guillén
Batting: LHB Vinski Prifti 0-0: Ball
1-0: Ground out U3 (Groundball, 3L)
Batting: LHB Javier Antonio 0-0: Called Strike
0-1: Swinging Strike
0-2: Ball
1-2: Foul Ball, location: 2F
1-2: Ball
2-2: Ball
3-2: Foul Ball, location: 2F
3-2: Strikes out looking
Batting: RHB Stephen Johnson 0-0: Ball
1-0: Called Strike
1-1: Ball
2-1: Ball
3-1: Foul Ball, location: 2F
3-2: Foul Ball, location: 2F
3-2: Base on Balls
Batting: RHB Artie Miller 0-0: Called Strike
Stephen Johnson steals 2nd base
0-1: SINGLE (Line Drive, 34)
Stephen Johnson to third
Runner from 3rd tries for Home, SAFE, no throw
Batting: SHB Pedro Ortega 0-0: Called Strike
0-1: Called Strike
0-2: Ball
1-2: Strikes out swinging
Bottom of the 6th over - 1 run, 1 hit, 0 errors, 1 left on base; Santa Barbara 5 - Pennsauken 2
TOP OF THE 7TH
Santa Barbara Golden Cranes batting - Pitching for Pennsauken Flyers : RHP Vincent O'Higgin
Batting: RHB Rubén Campos 0-0: SINGLE (Groundball, 4D)
Batting: RHB Gilbert Graham 0-0: Called Strike
0-1: Swinging Strike
0-2: Ball
1-2: Ball
2-2: Ball
3-2: Base on Balls
Rubén Campos to second
Batting: RHB Logan Manning 0-0: Ball
1-0: Ball
2-0: Called Strike
2-1: Fielders Choice at 2nd, 3-6 (Groundball, 3)
Rubén Campos to third
Batting: RHB Christian Turner Pickoff Throw to First - Out!
0-0: SINGLE (Line Drive, 78M)
Rubén Campos scores
Pitching: RHP Manny Hernández
Batting: RHB Salvador Noriega 0-0: Foul Ball, location: 2F
0-1: Foul Ball, location: 2F
0-2: Ground out 4-3 (Groundball, 34)
Top of the 7th over - 1 run, 2 hits, 0 errors, 1 left on base; Santa Barbara 6 - Pennsauken 2
BOTTOM OF THE 7TH
Pennsauken Flyers batting - Pitching for Santa Barbara Golden Cranes : RHP José Guillén
Batting: LHB Raúl Godines 0-0: Ball
1-0: Called Strike
1-1: SINGLE (Flyball, 9LS)
Batting: RHB Marc Beck 0-0: SINGLE (Groundball, 3L) (infield hit)
Raúl Godines to second
Batting: SHB Nuygen Vuong 0-0: SINGLE (Line Drive, 8LS)
Raúl Godines to third
Marc Beck to second
Batting: RHB Enoch Reinhardt 0-0: Ball
1-0: Fly out, F4 (Popup, 4S)
Batting: LHB Vinski Prifti 0-0: Fly out, F7 (Flyball, 7S)
Batting: LHB Javier Antonio 0-0: Ball
1-0: Foul Ball, location: 2F
1-1: Called Strike
1-2: Foul Ball, location: 2F
1-2: Foul Ball, location: 2F
1-2: Foul Ball, location: 2F
1-2: Strikes out swinging
Bottom of the 7th over - 0 runs, 3 hits, 0 errors, 3 left on base; Santa Barbara 6 - Pennsauken 2
TOP OF THE 8TH
Santa Barbara Golden Cranes batting - Pitching for Pennsauken Flyers : RHP Manny Hernández
Batting: RHB James Pike 0-0: Called Strike
0-1: Foul Ball, location: 2F
0-2: Ball
1-2: Foul Ball, location: 2F
1-2: SINGLE (Line Drive, 89S)
Batting: LHB Manny Rosário 0-0: Called Strike
0-1: Ball
1-1: Foul Ball, location: 2F
1-2: SINGLE (Line Drive, 8LM)
James Pike to second
Batting: RHB Arsenio Laurel 0-0: Called Strike
James Pike steals 3rd base
Manny Rosário to second
0-1: Ball
1-1: Called Strike
1-2: Ball
2-2: Strikes out swinging
Batting: LHB Sixto Álvarez 0-0: Intentional Walk
Batting: RHB Rubén Campos 0-0: Foul Ball, location: 2F
0-1: Ball
1-1: Ball
2-1: Foul Ball, location: 2F
2-2: Foul Ball, location: 2F
2-2: Grounds into fielders choice 4-2 (Groundball, 34)
Manny Rosário to third
Sixto Álvarez to second
Batting: RHB Gilbert Graham 0-0: Ball
1-0: SINGLE (Line Drive, 78M)
Manny Rosário scores
Sixto Álvarez to third
Rubén Campos to second
Runner from 3rd tries for Home, SAFE, no throw
Batting: RHB Logan Manning 0-0: Swinging Strike
0-1: Ball
1-1: Fly out, F8 (Flyball, 8RM)
Top of the 8th over - 2 runs, 3 hits, 0 errors, 2 left on base; Santa Barbara 8 - Pennsauken 2
BOTTOM OF THE 8TH
Pennsauken Flyers batting - Pitching for Santa Barbara Golden Cranes : RHP José Guillén
Now at C: Héctor Moreno
Batting: RHB Stephen Johnson 0-0: Called Strike
0-1: Ball
1-1: Swinging Strike
1-2: Ball
2-2: Ball
3-2: Ground out 3-1 (Groundball, 34S)
Pitching: LHP José Ortíz
Batting: RHB Artie Miller 0-0: SOLO HOME RUN (Flyball, 78XD), Distance : 403 ft
Batting: SHB Pedro Ortega 0-0: Called Strike
0-1: TRIPLE (Line Drive, 9LD)
Batting: LHB Raúl Godines 0-0: Called Strike
0-1: Ball
Steal of home, Pedro Ortega is safe
1-1: Foul Ball, location: 2F
1-2: SINGLE (Groundball, 4MD)
Pitching: RHP Albert Emery
Batting: RHB Marc Beck 0-0: Called Strike
0-1: Ball
1-1: Ball
2-1: SINGLE (Groundball, 34D)
Raúl Godines to second
Runner from 2nd tries for 3rd, SAFE, throw made at trailing runner, OUT!
Batting: SHB Nuygen Vuong 0-0: Called Strike
0-1: Ball
1-1: SINGLE (Groundball, 56D)
Raúl Godines scores
Batting: RHB Enoch Reinhardt 0-0: Ball
1-0: Foul Ball, location: 2F
1-1: Ball
2-1: Ball
3-1: DOUBLE (Flyball, 8RXD)
Nuygen Vuong to third
Runner from 3rd tries for Home, SAFE, no throw
Batting: LHB Vinski Prifti 0-0: Ball
1-0: SINGLE (Line Drive, 4)
Enoch Reinhardt to third
Runner from 3rd tries for Home, SAFE, no throw
Pitching: LHP Josh Cox
Batting: LHB Javier Antonio 0-0: Foul Ball, location: 2F
0-1: Fly out, F7 (Flyball, 78M)
Bottom of the 8th over - 5 runs, 7 hits, 0 errors, 1 left on base; Santa Barbara 8 - Pennsauken 7
TOP OF THE 9TH
Santa Barbara Golden Cranes batting - Pitching for Pennsauken Flyers : RHP Manny Hernández
Batting: RHB Christian Turner 0-0: Ball
1-0: Foul Ball, location: 2F
1-1: Ground out 1-3 (Groundball, 15S)
Batting: RHB Salvador Noriega 0-0: Called Strike
0-1: Foul Ball, location: 2F
0-2: Ball
1-2: Foul Ball, location: 2F
1-2: Ball
2-2: Ball
3-2: Strikes out swinging
Batting: RHB James Pike 0-0: Ground out U3 (Groundball, 3)
Top of the 9th over - 0 runs, 0 hits, 0 errors, 0 left on base; Santa Barbara 8 - Pennsauken 7
BOTTOM OF THE 9TH
Pennsauken Flyers batting - Pitching for Santa Barbara Golden Cranes : LHP Josh Cox
Pitching: RHP Seung-yeop Kim
Now at 3B: Armando Villarreal
Batting: RHB Stephen Johnson 0-0: Called Strike
0-1: Called Strike
0-2: Ball
1-2: Ball
2-2: Ball
3-2: DOUBLE (Line Drive, 7D)
Batting: RHB Artie Miller 0-0: Fly out, F7 (Flyball, 7S)
Batting: SHB Pedro Ortega 0-0: Ground out 3-1 (Groundball, 34S)
Stephen Johnson to third
Batting: LHB Raúl Godines 0-0: Called Strike
0-1: Fly out, F3 (Flyball, 3D)
Bottom of the 9th over - 0 runs, 1 hit, 0 errors, 1 left on base; Santa Barbara 8 - Pennsauken 7
Tuesday, December 19th, 2017 - OOTP Baseball 18.8 Build 76